 Dungeon Crawl Stone Soup version 0.21.1-1-g345015f (webtiles) character file.

116 Devour the Charlatan (level 4, -9/22 HPs)
             Began as a Spriggan Artificer on Feb 11, 2018.
             Killed themself with a badly aimed fireball (13 damage)
             ... on level 2 of the Dungeon.
             The game lasted 00:05:49 (1776 turns).

Devour the Charlatan (Spriggan Artificer)           Turns: 1776, Time: 00:05:50

Health: -9/22      AC:  2    Str:  8    XL:     4   Next: 69%
Magic:  8/8        EV: 19    Int: 12    God:
Gold:   61         SH:  0    Dex: 17    Spells: 3/3 levels left

rFire    . . .     SeeInvis +   a - +0 short sword
rCold    . . .     Gourm    .   (shield restricted)
rNeg     . . .     Faith    .   b - +0 robe
rPois    +         Spirit   .   (helmet restricted)
rElec    .         Reflect  .   (no cloak)
rCorr    .         Harm     +   (gloves unavailable)
MR       .....                  (boots unavailable)
Stlth    +++.......             p - amulet of harm
HPRegen  0.07/turn              j - ring of poison resistance
MPRegen  0.11/turn              o - ring of wizardry

@: very quick
A: very small, unfitting armour, see invisible, herbivore, speed 3, slow
metabolism 2
a: no special abilities


You were on level 2 of the Dungeon.
You were not hungry.

You visited 1 branch of the dungeon, and saw 2 of its levels.

You collected 61 gold pieces.

Inventory:

Hand Weapons
 a - a +0 short sword (weapon)
Armour
 b - a +0 robe (worn)
Jewellery
 c - an uncursed ring of flight
 j - a ring of poison resistance (left hand)
 o - a ring of wizardry (right hand)
 p - an amulet of harm (around neck)
Wands
 d - a wand of enslavement (14)
 e - a wand of random effects (13)
Scrolls
 g - a scroll of identify
 k - a scroll of teleportation
 l - a scroll of amnesia
 n - a scroll of enchant armour {unknown}
Potions
 h - a potion of heal wounds {unknown}
 i - a potion of cancellation {unknown}
 m - a potion of haste
 q - 3 potions of curing
Comestibles
 f - 2 rations


   Skills:
 + Level 1.3 Fighting
 * Level 2.5 Short Blades
 * Level 4.2 Dodging
 * Level 3.7 Stealth
 * Level 4.8 Evocations


You had 3 spell levels left.
You didn't know any spells.

Dungeon Overview and Level Annotations

Branches:
Dungeon (2/15)

Altars:


Innate Abilities, Weirdness & Mutations

You are very small and have problems with some larger weapons.
You are too small for most types of armour.
You have supernaturally acute eyesight. (SInv)
You are a herbivore.
You cover ground extremely quickly.
You need consume almost no food.


Message History

Natasha wildly gestures.
You feel troubled. Natasha misses you.
You hit Natasha but do no damage.
Natasha is lightly wounded.
You hit Natasha but do no damage.
Natasha is lightly wounded.
Natasha stares at you and mumbles some strange words.
The magic dart hits you!
* * * LOW HITPOINT WARNING * * *
Evoke which item? (* to show all) (? for menu, Esc to quit)
Aiming: Random Effects
Press: ? - help, Shift-Dir - straight line, f/p - Natasha
Aim: Natasha (lightly wounded, slow)
The fireball explodes!
The fireball engulfs Natasha.
You kill Natasha!
You feel Natasha's spirit has finally been put to rest.
The fireball engulfs you!
Ouch! That really hurt!
You die...

#........#.....## #....
#........#.†...># #####....
#........#####..#### ##........
#.........####.....####..# #....
#######..................####.#†
######..###...............
####.....###...........
.########.......#######.####...
..........##..@/.....##...##...
# ##...............##......#....
#.#.......###....#...####.......
#........## ##...###.# ####.....
.#.......# ###.....###.......#
........###### ##..............#
...###.......## ####............
. #...####..######......## #..
.......(####.............####..


There were no monsters in sight!

Vanquished Creatures
  Natasha (thrice) (D:2)
  An ooze (D:1)
  2 dart slugs (D:1)
  5 leopard geckos
  5 goblins
  3 hobgoblins
  2 jackals (D:1)
  A ball python (D:2)
  4 bats
  A kobold (D:1)
  4 rats
31 creatures vanquished.

Notes
Turn   | Place    | Note
-------+----------+-------------------------------------------
     0 | D:1      | Devour the Spriggan Artificer began the quest for the Orb.
     0 | D:1      | Reached XP level 1. HP: 9/9 MP: 4/4
   162 | D:1      | Reached XP level 2. HP: 3/14 MP: 6/6
   644 | D:1      | Reached skill level 1 in Fighting
   702 | D:1      | Reached XP level 3. HP: 7/18 MP: 7/7
  1071 | D:2      | Noticed Natasha
  1077 | D:2      | Killed Natasha
  1430 | D:2      | Noticed Natasha
  1699 | D:2      | Killed Natasha
  1699 | D:2      | Reached XP level 4. HP: 22/22 MP: 8/8
  1757 | D:2      | Noticed Natasha
  1776 | D:2      | Killed Natasha
  1776 | D:2      | Killed themself with a badly aimed fireball

Skill      XL: |  1  2  3 |
---------------+----------+-----
Stealth        | 2 3 |  3.7
Fighting       | 1 |  1.3
Short Blades   | 2 |  2.5
Dodging        | 4 |  4.2
Evocations     | |  4.8

Action                   |  1- 3 |  4- 6 || total
-------------------------+-------+-------++-------
Melee: Short sword       |    71 |    14 ||    85
Evoke: Wand              |    16 |     2 ||    18
  Use: Potion            |     1 |       ||     1
       Scroll            |     1 |     3 ||     4
 Stab: Sleeping          |     3 |     1 ||     4
       Distracted        |     1 |       ||     1
Armor: Robe              |     5 |       ||     5
Dodge: Dodged            |    58 |     6 ||    64
